 Dungeon Crawl Stone Soup version 0.30.0-15-g856e2d3f33 (webtiles) character file.

Game seed: 10137546500435075583

70 olmar the Covered (level 4, -2/40 HPs)
             Began as an Armataur Fighter on May 19, 2023.
             Slain by a gnoll
             ... wielding a +0 spear
              (4 damage)
             ... on level 2 of the Dungeon.
             The game lasted 00:01:26 (1316 turns).

olmar the Covered (Armataur Fighter)                Turns: 1316, Time: 00:01:27

Health: -2/40      AC:  7    Str: 24    XL:     4   Next: 4%
Magic:  4/4        EV:  7    Int:  8    God:
Gold:   85         SH:  4    Dex:  9    Spells: 3/3 levels left

rFire   . . .        a - +0 flail
rCold   . . .        c - +0 buckler
rNeg    . . .        b - +0 scale mail
rPois   .            (no helmet)
rElec   .            (no cloak)
rCorr   .            (no gloves)
SInv    .            (no barding)
Will    .....        (no amulet) Stlth
                     (no ring)
HPRegen 0.26/turn    (no ring)
MPRegen 0.09/turn

%: roll
@: brilliant, attractive
A: large, rugged brown scales 3, deformed body, armoured tail, roll, long
tongue, awkward tongue
a: no special abilities


You were on level 2 of the Dungeon.
You visited 1 branch of the dungeon, and saw 2 of its levels.

You collected 85 gold pieces.

Inventory:

Hand Weapons
 a - a +0 flail (weapon)
Armour
 b - a +0 scale mail (worn)
 c - a +0 buckler (worn)
Scrolls
 f - 2 scrolls of identify
 h - a scroll of poison {unknown}
 i - a scroll of torment {unknown}
 j - a scroll of enchant weapon
 k - a scroll of enchant armour {unknown}
 l - a scroll of teleportation {unknown}
Potions
 d - a potion of might
 e - a potion of attraction
 g - a potion of brilliance


   Skills:
 + Level 3.1 Fighting
 + Level 2.4 Maces & Flails
 + Level 4.5 Armour
 - Level 0.1 Dodging
 + Level 3.8 Shields


You had 3 spell levels left.
You didn't know any spells.
Your spell library was empty.

Dungeon Overview and Level Annotations

Branches:
Dungeon (2/15)

Altars:


Innate Abilities, Weirdness & Mutations

You are completely covered in rugged brown scales. (AC +3, +7% HP)
Armour fits poorly on your strangely shaped body.
You have a long armoured tail.
You roll when moving toward enemies. (Rampage)
Your long tongue fully drains potion bottles. (2x potion effects)
Your tongue gives you trouble enunciating. (1.5x scroll delay)


Message History

You are too injured to fight recklessly!
You are too injured to fight recklessly!
You are too injured to fight recklessly!
You are too injured to fight recklessly!
You are too injured to fight recklessly!
You are too injured to fight recklessly!
You are too injured to fight recklessly!
Unknown command.
It was a potion of brilliance.
You feel clever all of a sudden.
You slurp down every last drop of the potion of brilliance!
The gnoll hits you but does no damage. The gnoll hits you with a +0 spear.
* * * LOW HITPOINT WARNING * * *
It was a potion of attraction.
You feel attractive to monsters.
You slurp down every last drop of the potion of attraction!
The gnoll hits you with a +0 spear.
* * * LOW HITPOINT WARNING * * *
You block the gnoll's attack.
You closely miss the gnoll.
The gnoll is heavily wounded.
The gnoll hits you with a +0 spear.
* * * LOW HITPOINT WARNING * * *
The gnoll hits you with a +0 spear.
* * * LOW HITPOINT WARNING * * *
The gnoll hits you but does no damage. x2
You aren't carrying any items that you can evoke.
As you slowly read the scroll labelled VUDUOCK UNISO, it crumbles to dust.
It is a scroll of identify.
j - a scroll of enchant weapon The gnoll hits you with a +0 spear.
* * * LOW HITPOINT WARNING * * *
The gnoll hits you but does no damage.
Unknown command.
You hit the gnoll. You tail-slap the gnoll.
You kill the gnoll!
The gnoll hits you with a +0 spear.
* * * LOW HITPOINT WARNING * * *
The gnoll hits you with a +0 spear.
You die...

#######
###########......
#........##.#####
###.######.........
#.@g...# ####.#####
#...)...#.# #.#####
#.##.#..# # #......
# #....#
############ #.##.#
#.......# ## #. .#
#.......# #. .. ..
#.......# #. #.
####.......# #.
#.......###.


You could see a gnoll.

Vanquished Creatures
  2 gnolls (D:2)
  3 adders (D:2)
  2 dart slugs
  An orc (D:2)
  A bat (D:2)
  5 endoplasms
  4 giant cockroaches
  2 hobgoblins (D:1)
  A ball python (D:1)
  A frilled lizard (D:2)
  2 goblins (D:2)
  2 kobolds
  5 rats
31 creatures vanquished.

Notes
Turn   | Place    | Note
-------+----------+-------------------------------------------
     0 | D:1      | olmar the Armataur Fighter began the quest for the Orb.
     0 | D:1      | Reached XP level 1. HP: 19/19 MP: 1/1
   403 | D:1      | Reached XP level 2. HP: 24/26 MP: 2/2
   519 | D:1      | Reached skill level 4 in Armour
   877 | D:2      | Reached XP level 3. HP: 32/32 MP: 3/3
  1240 | D:2      | Reached XP level 4. HP: 32/40 MP: 4/4
  1316 | D:2      | HP: 2/40 [gnoll/+0 spear (3)]
  1316 | D:2      | Slain by a gnoll

Illustrated notes

Levels and vault maps discovered:
D:1:      matt_arrival_refuge, layout_loops_cross, roderic_roman_lattice
D:2:      layout_loops_cross, serial_bayou, serial_bayou_lagoon_a,
          serial_bayou_pond_c, serial_bayou_pond_a, serial_bayou_shore_b

Skill      XL: |  1  2  3 |
---------------+----------+-----
Armour         | 4 |  4.5
Maces & Flails | 2 |  2.4
Fighting       | 3 |  3.1
Dodging        | |  0.1
Shields        | |  3.8

Action                     |  1- 3 |  4- 6 || total
---------------------------+-------+-------++-------
  Melee: Flail             |    89 |     8 ||    97
         Tailslap          |     6 |     2 ||     8
    Use: Potion            |       |     2 ||     2
         Scroll            |       |     1 ||     1
 Armour: Scale mail        |    45 |     7 ||    52
  Dodge: Dodged            |    29 |     5 ||    34
  Block: Buckler           |    19 |     5 ||    24
